 Dungeon Crawl Stone Soup version 0.18.1-48-g4cf74bf (webtiles) character file.

29 glosham the Ruffian (level 3, -8/36 HPs)
             Began as a Troll Abyssal Knight on Sept 2, 2016.
             Was a Follower of Lugonu.
             Mangled by a demonic crawler (12 damage)
             ... on level 1 of the Abyss.
             The game lasted 00:02:06 (106 turns).

glosham the Ruffian (Troll Abyssal Knight)           Turns: 106, Time: 00:02:07

Health: -8/36      AC:  5    Str: 20    XL:     3   Next: 1%
Magic:  3/3        EV: 10    Int:  8    God:    Lugonu [*.....]
Gold:   0          SH:  0    Dex: 10    Spells: 0 memorised, 2 levels left

rFire  . . .     SeeInvis .       - Unarmed
rCold  . . .     Gourm    +     a - +0 robe
rNeg   . . .     Faith    .     (no shield)
rPois  .         Spirit   .     (helmet restricted)
rElec  .         Dismiss  .     (no cloak)
rCorr  .         Reflect  .     (gloves unavailable)
SustAt .         Harm     .     (boots unavailable)
MR     .....                    (no amulet)
Stlth  +.........               (no ring)
                                (no ring)

@: not resistant to hostile enchantments, very unstealthy
A: unfitting armour, claws 3, fast metabolism 3, gourmand, regeneration 2,
shaggy fur 1, tough skin 2
a: Depart the Abyss, Renounce Religion


You were on level 1 of the Abyss.
You worshipped Lugonu.
Lugonu was aware of your devotion.
You were not hungry.

You visited 0 branches of the dungeon, and saw 0 of its levels.
You visited the Abyss 1 time.

Inventory:

Missiles
 c - 16 stones (quivered)
Armour
 a - a +0 robe (worn)
Comestibles
 b - 2 bread rations


   Skills:
 - Level 2.4 Fighting
 - Level 1.9 Dodging
 * Level 3.5 Unarmed Combat
 - Level 1.5 Invocations


You had 2 spell levels left.
You didn't know any spells.

Dungeon Overview and Level Annotations

Branches:
Dungeon (0/15)

Altars:


Innate Abilities, Weirdness & Mutations

You are too large for most types of armour.
You have claws for hands.
Your metabolism is lightning-fast.
You like to eat raw meat.
You heal very quickly.
You are covered in fur (AC +1).
You have very tough skin (AC +2).


Message History

The quasit bites you but does no damage.
The quasit closely misses you. The quasit completely misses you.
You claw the quasit!
You kill the quasit!
Your Unarmed Combat skill increases to level 3!
You have reached level 2!
You have reached level 3!
Your experience leads to an increase in your attributes!
Your base attributes are Str 19, Int 8, Dex 9.
Increase (S)trength, (I)ntelligence, or (D)exterity?
You feel agile.
You feel stronger.
You feel your dexterity returning.
The substance of the Abyss twists violently, and a gateway leading out appears!
A ynoxinul comes into view.
The ynoxinul bellows!
The ynoxinul gestures.
A demonic crawler comes into view.
The demonic crawler gives a hideous shriek!
The ufetubus hits you but does no damage.
The ufetubus hits you. The ufetubus hits you. The ufetubus closely misses you.
The ufetubus barely misses you. The ufetubus misses you.
The ufetubus misses you. The ufetubus barely misses you.
Found a scroll labeled ASU SU APUTARA.
The ufetubus hits you but does no damage. x2
You see here a scroll labeled ASU SU APUTARA.
d - a scroll labeled ASU SU APUTARA Read which item? (? for menu, Esc to quit)
As you read the scroll labeled ASU SU APUTARA, it crumbles to dust.
It is a scroll of identify.
You don't have any unidentified items.
The demonic crawler hits you!
The demonic crawler hits you but does no damage.
The demonic crawler hits you.
A spatial maelstrom comes into view.
The spatial maelstrom moves out of view.
The demonic crawler hits you! x2
* * * LOW HITPOINT WARNING * * *
The demonic crawler hits you!
You die...

..#.#..#s###.s#.
...##.## #....
#.#5## #.###.
#.## #.# . #..##
#.# . ##...# ..#
. #..#.# #.#. #
.#.s#...##
#..##@..# ...
##.....# .....
...#... .###
....#.. ....#
...#.. ##.#.#.
.# #


You could see a demonic crawler.

Vanquished Creatures
  A quasit (Abyss:1)
1 creature vanquished.

Notes
Turn   | Place    | Note
--------------------------------------------------------------
     0 | Abyss:1  | glosham the Troll Abyssal Knight began the quest for the Orb.
     0 | Abyss:1  | Reached XP level 1. HP: 22/22 MP: 1/1
    57 | Abyss:1  | Noticed a quasit
    70 | Abyss:1  | Killed a quasit
    70 | Abyss:1  | Reached skill level 3 in Unarmed Combat
    70 | Abyss:1  | Reached XP level 2. HP: 25/29 MP: 2/2
    70 | Abyss:1  | Reached XP level 3. HP: 32/36 MP: 3/3
    71 | Abyss:1  | Noticed a ynoxinul
    89 | Abyss:1  | Noticed a demonic crawler
   105 | Abyss:1  | Noticed a spatial maelstrom
   106 | Abyss:1  | Mangled by a demonic crawler

Skill      XL: |  1 |
---------------+----+-----
Unarmed Combat | 3 |  3.5
Fighting       | |  2.4
Dodging        | |  1.9
Invocations    | |  1.5

Action                   || total
-------------------------++-------
Melee: Unarmed           ||     8
       Punch             ||     1
  Use: Scroll            ||     1
Armor: Robe              ||    14
Dodge: Dodged            ||    17

Table legend:
 A = Turns spent in this place as a percentage of turns spent in the entire game.
 B = Non-inter-level travel turns spent in this place as a percentage of non-inter-level travel turns spent in the entire game.
 C = Inter-level travel turns spent in this place as a percentage of turns spent in this place.
 D = Turns resting spent in this place as a percentage of non-inter-level travel turns spent in this place.
 E = Turns spent auto-exploring this place as a percentage of non-inter-level travel turns spent in this place.
 F = Non-inter-level travel turns spent in this place divided by the number of levels of this place that you've seen.
                   A       B       C       D       E      F
               +-------+-------+-------+-------+-------+----------------------
         Total | 100.0 | 100.0 |   0.0 |   0.0 |   0.0 | 108.0
         Abyss | 100.0 | 100.0 |   0.0 |   0.0 |   0.0 | 108.0
               +-------+-------+-------+-------+-------+----------------------

Table legend:
 A = Kills in this place as a percentage of kills in entire the game.
 B = Kills by you in this place as a percentage of kills by you in the entire game.
 C = Kills by friends in this place as a percentage of kills by friends in the entire game.
 D = Other kills in this place as a percentage of other kills in the entire game.
 E = Experience gained in this place as a percentage of experience gained in the entire game.
 F = Experience gained in this place divided by the number of levels of this place that you have seen.
                   A       B       C       D       E      F
               +-------+-------+-------+-------+-------+----------------------
         Total | 100.0 | 100.0 |  -nan |  -nan | 100.0 |  42.0
         Abyss | 100.0 | 100.0 |  -nan |  -nan | 100.0 |  42.0
               +-------+-------+-------+-------+-------+----------------------

Vault maps used:
